 Dungeon Crawl Stone Soup version 0.18.1-48-g4cf74bf (webtiles) character file.

25 Implojin the Chopper (level 2, -1/26 HPs)
             Began as a Minotaur Fighter on June 29, 2016.
             Slain by Implojin's ghost (16 damage)
             ... on level 3 of the Dungeon.
             The game lasted 00:01:26 (464 turns).

Implojin the Chopper (Minotaur Fighter)              Turns: 464, Time: 00:01:26

Health: -1/26      AC:  6    Str: 20    XL:     2   Next: 82%
Magic:  1/1        EV:  7    Int:  5    God:
Gold:   7          SH:  9    Dex:  9    Spells: 0 memorised, 1 level left

rFire  . . .     SeeInvis .     a - +0 war axe
rCold  . . .     Gourm    .     b - +0 scale mail
rNeg   . . .     Faith    .     c - +0 shield
rPois  .         Spirit   .     (helmet restricted)
rElec  .         Dismiss  .     (no cloak)
rCorr  .         Reflect  .     (no gloves)
SustAt .         Harm     .     (no boots)
MR     .....                    (no amulet)
Stlth  ..........               (no ring)
                                (no ring)

@: not resistant to hostile enchantments, extremely unstealthy
A: retaliatory headbutt, horns 2
a: no special abilities


You were on level 3 of the Dungeon.
You were not hungry.

You visited 1 branch of the dungeon, and saw 3 of its levels.

You collected 7 gold pieces.

Inventory:

Hand Weapons
 a - a +0 war axe (weapon)
Armour
 b - a +0 scale mail (worn)
 c - a +0 shield (worn)
Scrolls
 d - a scroll of recharging {unknown}
 e - a scroll of remove curse {unknown}
 k - a scroll of identify {unknown}
Potions
 g - a potion of beneficial mutation {unknown}
 h - a potion of mutation {unknown}
 i - a potion of agility {unknown}
 j - 3 potions of brilliance {unknown}
 l - a potion of lignification {unknown}
Comestibles
 f - a bread ration


   Skills:
 - Level 3.6 Fighting
 * Level 4.1 Axes
 - Level 3.6 Armour
 - Level 3.6 Shields


You had one spell level left.
You didn't know any spells.

Dungeon Overview and Level Annotations

Branches:
Dungeon (3/15)

Altars:
Pakellas

Annotations:
D:3 Implojin's ghost, weakling MiFi


Innate Abilities, Weirdness & Mutations

You reflexively headbutt those who attack you in melee.
You have a pair of horns on your head.


Message History

The bat hits you but does no damage. You block the bat's attack.
Found 7 gold pieces.
There is an open door here.
You closely miss the bat. The bat completely misses you.
A giant cockroach comes into view.
You block the bat's attack.
You closely miss the bat. Your headbutt misses the bat.
The bat hits you but does no damage. x2; The bat hits you.
You slash the bat!
You kill the bat!
The giant cockroach barely misses you.
Found 6 poisoned needles.
You see here a bat corpse.
The giant cockroach bites you but does no damage.
You block the giant cockroach's attack.
You slash the giant cockroach!
You kill the giant cockroach!
You now have 7 gold pieces.
You see here a bat corpse.
There is an open door here.
There is an open door here.
There is an open door here.
You see here a robe.
There is an open door here.
Found a mace.
Implojin's ghost (weakling Minotaur Fighter) comes into view.
Implojin's ghost turns its malevolent gaze towards you.
Found a stone staircase leading up.
You hit Implojin's ghost.
Implojin's ghost is lightly damaged.
Implojin's ghost hits you!
* * * LOW HITPOINT WARNING * * *
An orc comes into view. It is wielding a flail.
There is an open door here.
Drink which item? (? for menu, Esc to quit)
Okay, then.
Implojin's ghost screams, "Zot is a myth, the ORB is a fable, you'll soon be a tale!"
Implojin's ghost hits you!
Ouch! That really hurt!
You die...

#. #.######+#
#.....<#.#####
#......#.....#
.##......'@W.#
.....)..###.# ...#..# #..#
#..#.o## #.## #..#...# #o#
#..#.#.###'###############
+..#.#.o................[.
#.<#.#........#...#...#...
#..#............†........†


You could see Implojin's ghost.

Vanquished Creatures
  An adder (D:2)
  2 orcs (D:3)
  4 bats
  3 giant cockroaches
  A goblin (D:2)
  3 rats
14 creatures vanquished.

Notes
Turn   | Place    | Note
--------------------------------------------------------------
     0 | D:1      | Implojin the Minotaur Fighter began the quest for the Orb.
     0 | D:1      | Reached XP level 1. HP: 19/19 MP: 0/0
    57 | D:2      | Reached skill level 3 in Axes
    57 | D:2      | Reached XP level 2. HP: 13/26 MP: 1/1
   312 | D:3      | Reached skill level 4 in Axes
   323 | D:3      | Found an oddly glowing altar of Pakellas.
   450 | D:3      | Noticed Implojin's ghost (weakling MiFi)
   464 | D:3      | Slain by Implojin's ghost

Skill      XL: |  1  2 |
---------------+-------+-----
Axes           | 3 4 |  4.1
Fighting       | |  3.6
Armour         | |  3.6
Shields        | |  3.6

Action                   || total
-------------------------++-------
Melee: War axe           ||    22
       Headbutt          ||     2
  Use: Potion            ||     1
Armor: Scale mail        ||    25
Dodge: Dodged            ||    10
Block: Shield            ||    22

Table legend:
 A = Turns spent in this place as a percentage of turns spent in the entire game.
 B = Non-inter-level travel turns spent in this place as a percentage of non-inter-level travel turns spent in the entire game.
 C = Inter-level travel turns spent in this place as a percentage of turns spent in this place.
 D = Turns resting spent in this place as a percentage of non-inter-level travel turns spent in this place.
 E = Turns spent auto-exploring this place as a percentage of non-inter-level travel turns spent in this place.
 F = Non-inter-level travel turns spent in this place divided by the number of levels of this place that you've seen.
                   A       B       C       D       E      F
               +-------+-------+-------+-------+-------+----------------------
         Total | 100.0 | 100.0 |   0.0 |   1.0 |   0.0 |  98.7
       Dungeon | 100.0 | 100.0 |   0.0 |   1.0 |   0.0 |  98.7
               +-------+-------+-------+-------+-------+----------------------

Table legend:
 A = Kills in this place as a percentage of kills in entire the game.
 B = Kills by you in this place as a percentage of kills by you in the entire game.
 C = Kills by friends in this place as a percentage of kills by friends in the entire game.
 D = Other kills in this place as a percentage of other kills in the entire game.
 E = Experience gained in this place as a percentage of experience gained in the entire game.
 F = Experience gained in this place divided by the number of levels of this place that you have seen.
                   A       B       C       D       E      F
               +-------+-------+-------+-------+-------+----------------------
         Total | 100.0 | 100.0 |  -nan |  -nan | 100.0 |  12.0
       Dungeon | 100.0 | 100.0 |  -nan |  -nan | 100.0 |  12.0
               +-------+-------+-------+-------+-------+----------------------
